 Dungeon Crawl Stone Soup version 0.31.0-11-ge490571c62 (webtiles) character file.

Game seed: 18395975235902459659

98 zenocrate the Sneak (level 4, -1/21 HPs)
             Began as a Vine Stalker Enchanter on Jan 30, 2024.
             Slain by a cerulean imp
             ... wielding a +0 spear
             ... summoned by Natasha
              (2 damage)
             ... on level 2 of the Dungeon.
             The game lasted 00:01:26 (1359 turns).

zenocrate the Sneak (Vine Stalker Enchanter)        Turns: 1359, Time: 00:01:26

Health: -1/21      AC:  3    Str: 10    XL:     4   Next: 71%
Magic:  0/8        EV: 12    Int: 15    God:
Gold:   96         SH:  0    Dex: 17    Spells: 2/7 levels left

rFire   . . .        a - +1 dagger
rCold   . . .        (no shield)
rNeg    . . .        b - +0 robe
rPois   .            h - +0 helmet
rElec   .            (no cloak)
rCorr   .            (no gloves)
SInv    .            (no boots)
Will    .....        (no amulet)
Stlth   +++          (no ring)
HPRegen 1.03/turn    (no ring)
MPRegen 0.11/turn

%: guardian spirit
@: no status effects
A: fangs 2, regeneration 1, magic shield, antimagic bite, no potion heal 2
a: no special abilities


You were on level 2 of the Dungeon.
You visited 1 branch of the dungeon, and saw 2 of its levels.

You collected 96 gold pieces.

Inventory:

Hand Weapons
 a - a +1 dagger (weapon)
Missiles
 f - 5 boomerangs (quivered)
 g - 4 curare-tipped darts
Armour
 b - a +0 robe (worn)
 h - a +0 helmet (worn)
Scrolls
 e - a scroll of teleportation {unknown}
 i - a scroll of immolation {unknown}
Potions
 c - 2 potions of invisibility
 d - a potion of curing {unknown}
 j - a potion of lignification {unknown}


   Skills:
 + Level 1.7 Short Blades
 + Level 1.0 Armour
 + Level 2.2 Dodging
 + Level 4.3 Stealth
 - Level 2.1 Spellcasting
 + Level 3.4 Hexes
 + Level 1.1 Ice Magic


You had 2 spell levels left.
You knew the following spells:

 Your Spells              Type           Power      Damage    Failure   Level
a - Ensorcelled Hibernat  Hex/Ice        16%        N/A       13%         2
b - Confusing Touch       Hex            12%        N/A       16%         3

Your spell library contained the following spells:

 Spells                   Type           Power      Damage    Failure   Level
 Tukima's Dance           Hex            12%        N/A       16%         3
 Dazzling Flash           Conj/Hex       12%        N/A       32%         3


Dungeon Overview and Level Annotations

Branches:
Dungeon (2/15)

Altars:

Annotations:
D:2 Natasha


Innate Abilities, Weirdness & Mutations

You have extremely sharp teeth.
Your natural rate of healing is unusually fast.
When hurt, damage is shared between your health and your magic reserves.
Your bite disrupts and absorbs the magic of your enemies.
Potions cannot restore your health.


Message History

You closely miss Natasha. You bite Natasha.
Natasha's magic leaks into the air.
You drain her magic.
You feel invigorated.
Natasha is heavily wounded.
Natasha misses you.
The cerulean imp hits you with a +0 spear.
* * * LOW HITPOINT WARNING * * *
The cerulean imp hits you from afar with a +1 spear.
* * * LOW HITPOINT WARNING * * *
Your magical contamination has completely faded away.
You hit Natasha but do no damage.
Natasha is heavily wounded.
Natasha claws you.
* * * LOW HITPOINT WARNING * * *
The cerulean imp hits you with a +0 spear.
Unknown command.
Casting: Ensorcelled Hibernation (safe; 13% risk of failure)
Confirm with . or Enter, or press ? or * to list all spells.
You don't have enough magic to cast this spell.
Unknown command.
Unknown command.
You closely miss Natasha. You bite Natasha, but do no damage.
Natasha is heavily wounded.
The cerulean imp closely misses you. Natasha closely misses you.
The cerulean imp hits you with a +0 spear.
* * * LOW HITPOINT WARNING * * *
Unknown command.
You hit Natasha but do no damage. You bite Natasha.
Natasha's magic leaks into the air.
You drain her magic.
You feel invigorated.
Natasha is severely wounded.
The cerulean imp hits you but does no damage.
Natasha claws you.
* * * LOW HITPOINT WARNING * * *
The cerulean imp hits you with a +0 spear.
You miss Natasha. Your bite misses Natasha.
Natasha is severely wounded.
The cerulean imp hits you from afar with a +1 spear.
* * * LOW HITPOINT WARNING * * *
Natasha barely misses you.
The cerulean imp hits you with a +0 spear.
You die...

#.######.# #.## ######.....##.#
#.)# ......####.##.# ##.#
####.#.###.##.#####.#
#.###†.........##.# ..#
##<...#.##5##.# ###
###.......##5##.###########
####.#..†.....##h##...........###
#...#.##)....###@############....
#...#####...## #5# #####
#...##...#>#####.##
.......)..#.......#
.###....########..# .# ##..## #.#
#..# ## ♣....♣ #.# #..# ## ♣...♣♣
#.###..# #. ♣♣.♣♣ #......# #.


You could see Natasha (magic disrupted) and 3 cerulean imps.

Vanquished Creatures
  Jessica (D:2)
  3 adders (D:2)
  2 dart slugs (D:2)
  3 ball pythons
  6 bats
  2 endoplasms (D:1)
  3 giant cockroaches
  2 goblins
  4 hobgoblins
  4 jackals (D:1)
  A quokka (D:1)
  2 frilled lizards
  3 kobolds
  4 rats
40 creatures vanquished.

Notes
Turn   | Place    | Note
-------+----------+-------------------------------------------
     0 | D:1      | zenocrate the Vine Stalker Enchanter began the quest for
                  | the Orb.
     0 | D:1      | Reached XP level 1. HP: 9/9 MP: 4/4
    81 | D:1      | Reached skill level 1 in Short Blades
   169 | D:1      | Reached XP level 2. HP: 8/13 MP: 3/6
   172 | D:1      | Learned a level 2 spell: Ensorcelled Hibernation
   806 | D:2      | Reached skill level 4 in Stealth
   806 | D:2      | Reached XP level 3. HP: 13/16 MP: 3/7
   819 | D:2      | Learned a level 3 spell: Confusing Touch
   868 | D:2      | Noticed Jessica
   877 | D:2      | Killed Jessica
   878 | D:2      | Reached skill level 1 in Ice Magic
   878 | D:2      | Reached XP level 4. HP: 16/21 MP: 1/8
  1018 | D:2      | Reached skill level 1 in Armour
  1340 | D:2      | Noticed Natasha
  1358 | D:2      | HP: 1/21 [Natasha (2)]
  1359 | D:2      | Slain by a cerulean imp

Illustrated notes

Levels and vault maps discovered:
D:1:      dpeg_arrival_another_circle, layout_basic, minmay_tetromino_t2
D:2:      layout_loops_ring, uniq_natasha, uniq_crazy_yiuf_cottage, uniq_jessica

Skill      XL: |  1  2  3  4 |
---------------+-------------+-----
Short Blades   | 1 |  1.7
Stealth        | 4 |  4.3
Dodging        | 2 |  2.2
Ice Magic      | 1 |  1.1
Armour         | 1 |  1.0
Spellcasting   | |  2.1
Hexes          | |  3.4

Action                     |  1- 3 |  4- 6 || total
---------------------------+-------+-------++-------
  Melee: Dagger            |    84 |    39 ||   123
         Bite              |    20 |    10 ||    30
         Punch             |     2 |       ||     2
   Cast: Ensorcelled Hiber |     2 |     6 ||     8
   Stab: Sleeping          |     6 |     6 ||    12
         Distracted        |     1 |       ||     1
 Armour: Robe              |    39 |    35 ||    74
  Dodge: Dodged            |    52 |    28 ||    80
